 Dungeon Crawl Stone Soup version 0.31-a0-38-g1548c4f2a5 (webtiles) character file.

Game seed: 5927911219063914868

1033 bande the Chopper (level 8, -1/48 HPs)
             Began as a Gargoyle Fighter on May 16, 2023.
             Slain by an iguana (13 damage)
             ... on level 6 of the Dungeon.
             The game lasted 00:06:55 (4928 turns).

bande the Chopper (Gargoyle Fighter)                Turns: 4928, Time: 00:06:56

Health: -1/48      AC:  0    Str: 21    XL:     8   Next: 24%
Magic:  8/8        EV: 17    Int: 14    God:
Gold:   381        SH:  0    Dex: 11    Spells: 7/7 levels left

rFire   . . .        a - melded +0 war axe (protect)
rCold   . . .        c - melded +0 buckler
rNeg    + + +        f - melded +0 chain mail
rPois   ∞            i - melded +0 helmet
rElec   .            (cloak currently unavailable)
rCorr   .            (gloves currently unavailable)
SInv    .            (boots currently unavailable)
Will    .....        l - amulet of the acrobat
Stlth   +            q - ring of positive energy
HPRegen 0.28/turn    r - +6 ring of intelligence
MPRegen 0.11/turn

%: acrobat
@: fungus-form, corroded
A: melee confuse, terrified, no casting, sickness immunity, AC +5, tiny,
negative energy resistance 1, (electricity resistance), torment resistance 1,
petrification resistance
a: no special abilities


You were on level 6 of the Dungeon.
You were a sentient fungus.
You visited 1 branch of the dungeon, and saw 6 of its levels.

You collected 381 gold pieces.

Inventory:

Hand Weapons
 a - a +0 war axe of protection (melded)
 p - a +0 morningstar
Armour
 c - a +0 buckler (melded)
 f - a +0 chain mail (melded)
 i - a +0 helmet (melded)
Jewellery
 l - an amulet of the acrobat (around neck)
 q - a ring of positive energy (left hypha)
 r - a +6 ring of intelligence (right hypha)
Wands
 j - a wand of quicksilver (16)
 n - a wand of roots (16)
Scrolls
 g - 2 scrolls of teleportation
Potions
 b - a potion of mutation
 d - 2 potions of might
 e - 4 potions of curing
 k - 2 potions of resistance
 m - a potion of magic {unknown}
 o - a potion of brilliance {unknown}


   Skills:
 + Level 4.8 Fighting
 + Level 5.9 Axes
 + Level 5.6 Armour
 + Level 4.6 Shields
 * Level 2.6 Evocations


You had 7 spell levels left.
You didn't know any spells.
Your spell library contained the following spells:

 Spells                   Type           Power      Damage    Failure   Level
 Foxfire                  Conj/Fire      0%         2x1d4     28%         1
 Kiss of Death            Conj/Necr      0%         2d5       28%         1
 Sandblast                Erth           0%         2d4       28%         1
 Passwall                 Tmut/Erth      0%         N/A       41%         2
 Confusing Touch          Hex            0%         N/A       65%         3
 Inner Flame              Hex/Fire       0%         N/A       65%         3
 Portal Projectile        Hex/Tloc       0%         N/A       65%         3
 Stone Arrow              Conj/Erth      0%         3d7       65%         3
 Tukima's Dance           Hex            0%         N/A       65%         3
 Dispel Undead            Necr           0%         3d6       96%         4
 Blade Hands              Tmut           0%         N/A       100%        5
 Fireball                 Conj/Fire      0%         3d3       100%        5
 Yara's Violent Unravell  Hex/Tmut       0%         3d3       100%        5
 Death Channel            Necr           0%         N/A       100%        6
 Plasma Beam              Fire/Air       0%         2x1d11    100%        6
 Starburst                Conj/Fire      0%         6d3       100%        6
 Enfeeble                 Hex            0%         N/A       100%        7
 Cigotuvi's Dreadful Rot  Necr/Pois/Air  Unusable   N/A       N/A         2

Dungeon Overview and Level Annotations

Branches:
Dungeon (6/15)
 Temple: D:4-7

Altars:
Qazlal
Uskayaw

Shops:
D:5 (

Annotations:
D:6 Blork the orc


Innate Abilities, Weirdness & Mutations

You are a sentient fungus.
You are tiny and evasive.
Your melee attack releases spores that confuse breathing creatures.
You become terrified and freeze when enemies are visible.
Your armour is entirely melded.
You are incapable of wielding weapons or throwing items.
You cannot cast spells.
You are immune to sickness and miasma.
((Your stone body is resilient. (AC +5)))
You are immune to poison.
You resist negative energy. (rN+)
((You are resistant to electric shocks. (rElec)))
You are resistant to unholy torment.
You are immune to petrification.


Message History

Blork the orc seems to speed up.
The gnoll hits you but does no damage.
The iguana bites you but does no damage.
Unknown command.
You hit the gnoll but do no damage.
The gnoll is severely wounded.
You hit the iguana but do no damage.
You hit the howler monkey but do no damage.
The howler monkey hits you but does no damage.
Blork the orc screams, "I'll cover the dungeon with your blood!"
The iguana bites you. The gnoll hits you with a +0 club.
The howler monkey barely misses you.
You hit the gnoll.
The gnoll is almost dead.
You hit the iguana but do no damage. You hit the howler monkey.
You kill the howler monkey!
The gnoll hits you but does no damage. You block the iguana's attack.
Blork the orc zaps a wand.
You turn into a sentient fungus.
Your +0 war axe of protection melds into your body.
Your +0 helmet melds into your body.
Your +0 buckler melds into your body.
Your +0 chain mail melds into your body.
Your +0 war axe of protection goes still.
You release spores at the gnoll but do no damage.
The gnoll appears confused.
The gnoll is almost dead.
The iguana bites you. The gnoll closely misses you.
Blork the orc casts a cantrip, but nothing happens.
Unknown command.
You release spores at the gnoll!
You kill the gnoll!
Blork the orc casts a spell at you. The magic dart hits you!
* * * LOW HITPOINT WARNING * * *
The iguana hisses menacingly.
The iguana misses you.
Unknown command.
You release spores at the iguana.
The iguana is lightly wounded.
Blork the orc frowns.
Blork the orc closely misses you. The iguana bites you!
You die...

#..........................###
###........#.###........#.....
#.....##.#.###...##...######
#...................... ....
#....####...#..####.. ....
#####.....#....####. ##..
#......$.....##. ..##
#.....##)....... #
#...)hlf)....... ...
#.....##o.##.##. ###
#.....##....... .
#.....##...#.##. ##
########.....# .......
......[. ........


You could see Blork the orc (fast), an iguana and a hound.

Vanquished Creatures
  A water moccasin (D:6)
  An ice beast (D:6)
  A gnoll sergeant (D:6)
  2 scorpions (D:5)
  A howler monkey (D:6)
  3 orc priests
  A jelly (D:6)
  2 sleepcaps (D:6)
  Jessica (D:3)
  Terence (D:2)
  2 iguanas (D:5)
  An orc wizard (D:5)
  Robin (D:2)
  4 gnolls (D:6)
  10 adders
  3 white imps
  2 worms (D:5)
  12 dart slugs
  11 orcs
  8 ball pythons
  3 endoplasms
  A giant cockroach (D:1)
  11 goblins
  10 hobgoblins
  16 jackals
  4 kobolds
  2 quokkas (D:3)
  6 bats
  4 frilled lizards (D:1)
  7 rats
132 creatures vanquished.

Notes
Turn   | Place    | Note
-------+----------+-------------------------------------------
     0 | D:1      | bande the Gargoyle Fighter began the quest for the Orb.
     0 | D:1      | Reached XP level 1. HP: 14/14 MP: 1/1
   129 | D:1      | Reached XP level 2. HP: 16/19 MP: 2/2
   655 | D:1      | Reached XP level 3. HP: 23/23 MP: 3/3
  1013 | D:2      | Noticed Terence
  1036 | D:2      | Killed Terence
  1037 | D:2      | Reached XP level 4. HP: 7/29 MP: 4/4
  1855 | D:3      | Reached XP level 5. HP: 32/33 MP: 5/5
  1971 | D:3      | Noticed Robin
  2235 | D:2      | Killed Robin
  2420 | D:3      | Noticed Jessica
  2434 | D:3      | Killed Jessica
  3067 | D:4      | Reached XP level 6. HP: 37/38 MP: 6/6
  3845 | D:5      | Entered Level 5 of the Dungeon
  3886 | D:5      | Reached skill level 1 in Evocations
  3978 | D:5      | Reached skill level 5 in Armour
  3978 | D:5      | Reached XP level 7. HP: 43/43 MP: 7/7
  4203 | D:5      | Found a stormy altar of Qazlal.
  4394 | D:5      | Found Gulyt's Antique Weapon Emporium.
  4417 | D:5      | Found a hide-covered altar of Uskayaw.
  4672 | D:6      | Reached skill level 5 in Axes
  4897 | D:6      | Reached XP level 8. HP: 42/48 MP: 8/8
  4918 | D:6      | Noticed Blork the orc
  4928 | D:6      | Slain by an iguana

Illustrated notes

Levels and vault maps discovered:
D:1:      lightli_arrival_noodles, layout_loops_ring
D:2:      layout_loops_ring, serial_glass, glass_columns_b, glass_columns_a,
          uniq_terence
D:3:      layout_basic, serial_forest, infiniplex_forest_clump_medium,
          infiniplex_forest_zigzag_1, infiniplex_forest_straight_2,
          infiniplex_forest_straight_4, infiniplex_forest_lined_3,
          infiniplex_forest_straight_2, infiniplex_forest_lined_room_2,
          uniq_robin, uniq_jessica
D:4:      kennysheep_slugbush, layout_basic
D:5:      layout_basic, mainiacjoe_overflow_brackets,
          mainiacjoe_overflow_tiny_flanked, serial_shops,
          nicolae_shop_rolling_square
D:6:      layout_basic, nicolae_kikubaaqudgha_miasma_corner, temple_statues,
          uniq_eustachio, uniq_blork_the_orc, uniq_menkaure, uniq_edmund

Skill      XL: |  1  2  3  4  5  6  7 |
---------------+----------------------+-----
Axes           | 2 3 4 5 |  5.9
Armour         | 4 5 |  5.6
Shields        | 4 |  4.6
Fighting       | 4 |  4.8
Evocations     | 1 2 |  2.6

Action                     |  1- 3 |  4- 6 |  7- 9 || total
---------------------------+-------+-------+-------++-------
  Melee: War axe           |   116 |   214 |   115 ||   445
         Unarmed           |       |       |     3 ||     3
    Use: Scroll            |       |    11 |     3 ||    14
         Potion            |       |       |     2 ||     2
 Armour: Scale mail        |    26 |       |       ||    26
         Chain mail        |    60 |   218 |   108 ||   386
  Dodge: Dodged            |    54 |    96 |    86 ||   236
  Block: Buckler           |    23 |    77 |    36 ||   136

Table legend: (Time is in decaauts)
 A = Elapsed time spent in this place.
 B = Non-inter-level travel time spent in this place.
 C = Inter-level travel time spent in this place.
 D = Time resting spent in this place.
 E = Time spent auto-exploring this place.
 F = Levels seen in this place.
 G = Mean time per level.
                   A        B        C        D        E       F      G
               +--------+--------+--------+--------+--------+-----+--------+
         Total |   5103 |   4864 |    239 |    667 |   3083 |   6 |  850.5 |
       Dungeon |   5103 |   4864 |    239 |    667 |   3083 |   6 |  850.5 |
               +--------+--------+--------+--------+--------+-----+--------+

Top non-repeatable levels by time:
     D:2: 1309 daAuts
     D:4: 951 daAuts
     D:3: 882 daAuts
     D:1: 841 daAuts
     D:5: 817 daAuts
     D:6: 300 daAuts
